 Dungeon Crawl Stone Soup version 0.31-a0-236-g9a0961fb85 (webtiles) character file.

Game seed: 5122912160372046131

84 qw the Shooter (level 4, -1/36 HPs)
             Began as a Minotaur Hexslinger on July 10, 2023.
             Slain by Sigmund
             ... wielding a +0 scythe
              (5 damage)
             ... on level 3 of the Dungeon.
             The game lasted 00:00:42 (1886 turns).

qw the Shooter (Minotaur Hexslinger)                Turns: 1886, Time: 00:00:43

Health: -1/36      AC:  8    Str: 13    XL:     4   Next: 24%
Magic:  4/4        EV: 11    Int: 10    God:
Gold:   79         SH:  0    Dex: 14    Spells: 4/5 levels left

rFire   . . .        Y - +1 sling
rCold   + . .        (no shield)
rNeg    . . .        h - +0 ring mail
rPois   .            (helmet restricted)
rElec   .            (no cloak)
rCorr   .            k - +1 pair of gloves
SInv    .            a - +0 pair of boots {Fly}
Will    .....        (no amulet)
Stlth   +            c - ring of protection from cold
HPRegen 0.26/turn    (no ring)
MPRegen 0.09/turn

%: no passive effects
@: flying
A: horns 2, retaliatory headbutt
a: no special abilities


You were on level 3 of the Dungeon.
You visited 1 branch of the dungeon, and saw 3 of its levels.

You collected 79 gold pieces.


Innate Abilities, Weirdness & Mutations

You have a pair of horns on your head.
You reflexively headbutt those who attack you in melee.


   Skills:
 - Level 2.0 Fighting
 + Level 4.4 Ranged Weapons
 - Level 1.5 Armour
 - Level 2.1 Dodging
 - Level 1.0 Spellcasting
 - Level 2.0 Hexes


You had 4 spell levels left.
You knew the following spells:

 Your Spells              Type           Power      Damage    Failure   Level
a - Slow                  Hex            16%        N/A       32%         1

Your spell library contained the following spells:

 Spells                   Type           Power      Damage    Failure   Level
 Inner Flame              Hex/Fire       2%         N/A       82%         3
 Portal Projectile        Hex/Tloc       4%         N/A       82%         3
 Cause Fear               Hex            2%         N/A       97%         4

Inventory:

Hand Weapons
 Y - a +1 sling (weapon)
Armour
 a - a +0 pair of boots of flying (worn)
 h - a +0 ring mail (worn)
 k - a +1 pair of gloves (worn)
Jewellery
 c - a ring of protection from cold (left hand)
Scrolls
 l - a scroll of teleportation
 m - a scroll of identify
Potions
 b - a potion of enlightenment {unknown}
 d - a potion of cancellation
 e - a potion of ambrosia {unknown}
 f - 3 potions of might
 g - a potion of brilliance {unknown}
 j - a potion of curing {unknown}

Dungeon Overview and Level Annotations

Branches:
Dungeon (3/15)

Altars:
Qazlal

Shops:
D:3 *

Annotations:
D:3 2 transporters, Sigmund; qw's ghost, amateur MiHs


Message History

Sigmund is nearby!
1870 ||| READING scroll labelled LIEJED VOOW.
As you read the scroll labelled LIEJED VOOW, it crumbles to dust.
You assume a fearsome visage.
Nothing appears to happen.
It was a scroll of fear.
Sigmund is nearby!
Sigmund is nearby!
Enter note:
Enter note:
There is an open door here.
You shoot a sling bullet. The sling bullet hits Sigmund.
Sigmund is moderately wounded.
Sigmund says, "Don't worry, I'll kill you fast."
You shoot a sling bullet. The sling bullet hits Sigmund.
Sigmund is moderately wounded.
Sigmund hits you from afar with a +0 scythe!
You shoot a sling bullet. The sling bullet barely misses Sigmund.
Sigmund gestures at you while chanting.
You are confused.
Sigmund hits you but does no damage.
Sigmund mumbles some strange words.
Sigmund flickers and vanishes!
Deactivating autopickup; reactivate with Ctrl-A.
You shoot a sling bullet. Something hits you but does no damage.
You shoot a sling bullet. Something hits you!
You shoot a sling bullet. Something hits you!
You shoot a sling bullet.
You feel less confused.
A magic dart appears from out of thin air!
The magic dart hits you!
You shoot a sling bullet. Something hits you.
You shoot a sling bullet. Something hits you but does no damage.
You shoot a sling bullet. Something hits you.
You die...

......####......#.#
#%....##..........#
#.....##.#######..#
....
#.....##.#.$...#..#
....
......+..#$.$..#.##
#+#+#..#
......##.#.._$.'.#
#.#....
......#..#..$$.#.#
#.#...#
.....##..#$....#.#
#.#...# ##...
..#######@#
#...#.###
.......{..#
#........
###########
##.#.#.### ..#..#.#
###########....#.#
..#..#.#
#............###.#
..#^...#
#.........#.## #.#
..#..#.#
#.........#.# #.#
..#..#.#
#.......#+#.####.###
.8#..#.#
###+#......?.....#..


There were no monsters in sight!

Vanquished Creatures
  A hound (D:3)
  An adder (D:2)
  6 ball pythons
  6 bats
  6 endoplasms
  3 giant cockroaches
  4 goblins
  2 hobgoblins (D:1)
  4 kobolds
  2 quokkas
  5 frilled lizards
  4 rats (D:1)
44 creatures vanquished.

Notes
Turn   | Place    | Note
-------+----------+-------------------------------------------
     0 | D:1      | qw the Minotaur Hexslinger began the quest for the Orb.
     0 | D:1      | Reached XP level 1. HP: 16/16 MP: 1/1
     0 | D:1      | 0 ||| qw: Version: 0.3-a-52-g30416fa
     0 | D:1      | 0 ||| qw: Game counter: 4647
     0 | D:1      | 0 ||| qw: Melee chars always use a shield: true
     0 | D:1      | 0 ||| qw: God list: Okawaru
     0 | D:1      | 0 ||| qw: Allow faded altars: false
     0 | D:1      | 0 ||| qw: Do Orc after clearing Dungeon:15 true
     0 | D:1      | 0 ||| qw: Do second Lair branch before Depths: true
     0 | D:1      | 0 ||| qw: Lair rune preference: random
     0 | D:1      | 0 ||| qw: Goals: Normal
     0 | D:1      | 0 ||| PLANNING D:1-11
   170 | D:1      | Reached skill level 3 in Ranged Weapons
   170 | D:1      | Reached XP level 2. HP: 23/23 MP: 2/2
   443 | D:1      | Found a faded altar of an unknown god.
   767 | D:1      | 767 ||| UPGRADING to +0 ring mail.
   777 | D:1      | 777 ||| DROPPING +0 robe.
   778 | D:1      | 778 ||| UPGRADING to +0 pair of gloves.
   783 | D:1      | 783 ||| READING scroll labelled VONEGH SIWKUG.
   783 | D:1      | Identified a scroll of acquirement
   783 | D:1      | 783 ||| ACQUIRING +0 pair of boots of flying
   783 | D:1      | Acquired a +0 pair of boots of flying
   785 | D:1      | 785 ||| UPGRADING to +0 pair of boots of flying.
   790 | D:1      | 790 ||| READING scroll labelled CITINT CUOZ.
   791 | D:1      | 791 ||| READING scroll labelled LEDOIWNOUS.
   795 | D:1      | 795 ||| DRINKING 2 murky cyan potions.
   796 | D:1      | 796 ||| DRINKING 2 smoky white potions.
   797 | D:1      | 797 ||| DROPPING scroll of poison.
   989 | D:2      | Reached XP level 3. HP: 29/29 MP: 3/3
  1102 | D:2      | Reached skill level 1 in Armour
  1450 | D:2      | 1450 ||| READING 2 scrolls labelled JIKIBO WAIMI.
  1451 | D:2      | 1451 ||| READING scroll of enchant armour.
  1451 | D:2      | 1451 ||| ENCHANTING +0 pair of gloves.
  1452 | D:2      | 1452 ||| READING 2 scrolls labelled WAOHEN ALIYNA.
  1453 | D:2      | 1453 ||| READING scroll labelled PULUAL AGRIU.
  1454 | D:2      | 1454 ||| READING scroll labelled ACOUST KIRE.
  1455 | D:2      | 1455 ||| DROPPING scroll of vulnerability.
  1598 | D:3      | Found a transporter.
  1599 | D:3      | Noticed qw's ghost (amateur MiHs)
  1601 | D:3      | Found a transporter.
  1704 | D:3      | Reached skill level 4 in Ranged Weapons
  1704 | D:3      | Reached XP level 4. HP: 31/36 MP: 4/4
  1736 | D:3      | Found Riuzyj's General Store.
  1742 | D:3      | 1742 ||| SHOPLISTING 2 potions of heal wounds (100 gold,
                  | have 36).
  1840 | D:3      | Found a stormy altar of Qazlal.
  1868 | D:3      | Noticed Sigmund
  1869 | D:3      | 1869 ||| UPGRADING to ring of protection from cold.
  1870 | D:3      | 1870 ||| READING scroll labelled LIEJED VOOW.
  1883 | D:3      | HP: 5/36 [something/magic dart (8)]
  1886 | D:3      | Slain by Sigmund

Levels and vault maps discovered:
D:1:      nagdon_arrival_double_spiral, layout_basic,
          hellmonk_ecumenical_altar_arch_garden
D:2:      layout_basic
D:3:      layout_basic, amcnicky_altar_gilded, gammafunk_ghost_arena,
          serial_shops, shop, uniq_robin, uniq_sigmund, uniq_terence

Skill      XL: |  1  2  3 |
---------------+----------+-----
Ranged Weapons | 3 4 |  4.4
Fighting       | 2 |  2.0
Armour         | 1 |  1.5
Dodging        | |  2.1
Spellcasting   | |  1.0
Hexes          | |  2.0

Action                     |  1- 3 |  4- 6 || total
---------------------------+-------+-------++-------
   Fire: Sling             |   113 |    18 ||   131
    Use: Scroll            |     8 |     1 ||     9
         Potion            |     2 |       ||     2
 Armour: Robe              |     6 |       ||     6
         Ring mail         |    15 |     4 ||    19
  Dodge: Dodged            |    28 |     2 ||    30

Table legend:
 A = Non-vault XP
 B = Vault XP
 C = Vault XP percentage of total XP
 D = Non-vault monster count
 E = Vault monster count
 F = Vault count percentage of total count
                 A         B        C        D         E       F
            +---------+---------+-------+---------+---------+-------
      Total |     121 |       0 |   0.0 |      44 |       0 |   0.0
            +---------+---------+-------+---------+---------+-------
        D:1 |      36 |       0 |   0.0 |      23 |       0 |   0.0
        D:2 |      30 |       0 |   0.0 |      10 |       0 |   0.0
        D:3 |      55 |       0 |   0.0 |      11 |       0 |   0.0
            +---------+---------+-------+---------+---------+-------
